Map: Dusk Towers

Players

OldManSlum

  • Race: Zerg Zerg
  • League: Grandmaster

xKawaiian - Winner!

  • Race: Terran Terran
  • League: Master

VOD

Have the link to the VOD?

Description

Time

  • Played on: Jan. 13, 2016, 9:58 p.m.
  • Length: 10:18
Show
View Real Time Build Order
Export as new Build Order

OldManSlum Zerg 

Build Orders: Hatch First 

Get SALT Encoding   

  12  0:02  Drone  
  13  0:12  Overlord  
  13  0:18  Drone  
  14  0:32  Drone x2  
  16  0:36  Drone  
  17  0:54  Hatchery  
  16  0:57  Drone  
  17  1:09  Spawning Pool  
  17  1:11  Drone  
  17  1:17  Drone, Extractor  
  17  1:20  Drone  
  18  1:28  Drone  
  19  1:40  Overlord  
  19  1:55  Queen  
  19  1:59  Zergling x2  
  19  2:00  Zergling x2  
  23  2:06  Queen  
  25  2:09  Drone  
  25  2:11  Drone  
  27  2:19  Drone  
  27  2:21  Metabolic Boost  
  28  2:26  Drone  
  29  2:32  Spore Crawler  
  28  2:48  Drone x2  
  28  2:49  Overlord  
  31  2:57  Drone x3  
  33  3:04  Hatchery, Drone  
  33  3:07  Drone x2  
  33  3:08  Drone x2  
  37  3:21  Drone  
  37  3:22  Drone x4  
  42  3:29  Overlord  
  42  3:40  Zergling x2  
  43  3:52  Overlord  
  43  3:53  Overlord  
  43  3:58  Overlord  
  43  3:59  Spine Crawler  
  42  4:10  Queen x2  
  42  4:13  Drone  
  42  4:14  Drone x2  
  42  4:15  Drone x2  
  42  4:16  Zergling x8  
  55  4:19  Queen  
  55  4:22  Spore Crawler  
  55  4:24  Spore Crawler, Zergling x4  
  57  4:32  Zergling x6  
  60  4:42  Evolution Chamber, Drone x2  
  60  4:43  Evolution Chamber, Drone x2  
  60  4:44  Drone x2  
  64  4:57  Queen  
  66  5:02  Drone x5  
  66  5:03  Zergling x4  
  73  5:08  Zerg Ground Armor Level 1, Zerg Melee Weapons Level 1  
  73  5:13  Overlord x2  
  73  5:18  Baneling Nest  
  73  5:19  Zergling x2  
  73  5:21  Overlord  
  73  5:22  Overlord x2  
  73  5:37  Zergling x8  
  73  5:38  Zergling x8  
  73  5:41  Overlord x2  
  81  5:49  Lair, Hatchery  
  80  5:53  Spore Crawler  
  80  5:55  Drone  
  80  5:58  Drone x5  
  71  6:29  Zergling x2  
  71  6:30  Zergling x28  
  85  6:47  Zergling x8  
  85  6:51  Zergling x2  
  85  6:52  Zergling x8  
  93  6:57  Centrifical Hooks  
  93  6:59  Zergling x12  
  95  7:07  Extractor  
  95  7:08  Extractor x2  
  93  7:09  Drone x4, Extractor  
  93  7:10  Extractor  
  93  7:12  Baneling x3  
  93  7:13  Baneling  
  94  7:18  Drone  
  94  7:19  Drone x3  
  98  7:25  Drone x2  
  100  7:33  Drone  
  100  7:34  Drone x2  
  100  7:35  Drone x5  
  100  7:36  Drone, Overlord x2  
  109  7:37  Overseer  
  109  7:48  Zergling x2  
  109  7:49  Zergling x8  
  114  7:55  Baneling x5  
  114  7:56  Baneling  
  114  8:01  Hatchery  
  102  8:08  Zergling x10  
  102  8:09  Zergling x8  
  99  8:15  Zergling x6  
  99  8:17  Baneling  
  99  8:18  Baneling x6  
  90  8:26  Zergling x2  
  85  8:27  Zergling x4  
  85  8:29  Zergling x4  
  85  8:30  Zergling x2  
  81  8:38  Zergling x6  
  83  8:45  Zergling x4  
  83  8:46  Zergling x2  
  78  8:53  Zergling x4  
  78  8:54  Zergling x8  
  78  8:55  Baneling x3  
  84  8:56  Baneling x4  
  84  9:02  Zergling x4  
  86  9:03  Zergling x6  
  86  9:04  Baneling x3  
  86  9:08  Zergling x4  
  91  9:14  Zergling x8  
  91  9:15  Spire  
  91  9:16  Baneling x5  
  88  9:24  Zergling x8  
  88  9:29  Zergling x10  
  83  9:32  Zergling x2  
  83  9:36  Zergling x6  
  85  9:40  Zergling x2  
  81  9:48  Zergling x8  
  81  9:52  Zergling x2  
  80  9:55  Zergling x2  
Show
View Real Time Build Order
Export as new Build Order

xKawaiian Terran - Winner!

Build Orders: Reaper Expand, MMM Bio 

Get SALT Encoding   

  12  0:00  SCV  
  13  0:13  SCV  
  14  0:17  Supply Depot  
  14  0:25  SCV  
  15  0:39  SCV  
  15  0:40  Barracks  
  16  0:45  Refinery  
  16  0:51  SCV  
  17  1:03  SCV  
  18  1:15  SCV  
  19  1:27  Orbital Command  
  19  1:29  Reaper  
  20  1:39  Command Center  
  20  1:49  Supply Depot  
  20  1:53  SCV  
  21  2:01  Barracks Reactor  
  21  2:05  SCV  
  21  2:06  Barracks  
  22  2:18  SCV, Barracks  
  23  2:30  SCV  
  24  2:38  Marine  
  24  2:39  Marine  
  24  2:42  SCV  
  27  2:52  Orbital Command  
  27  2:54  SCV, Barracks Tech Lab  
  27  2:56  Marine x2  
  30  3:05  Factory  
  30  3:07  SCV, Refinery, Marine  
  32  3:15  Stimpack  
  32  3:16  Marine x2  
  32  3:18  Marine  
  32  3:19  SCV  
  36  3:23  SCV  
  37  3:29  Marine  
  37  3:30  Supply Depot  
  37  3:31  SCV  
  39  3:34  Marine  
  39  3:35  SCV  
  39  3:40  Marine  
  42  3:43  SCV, Marine  
  42  3:47  SCV  
  45  3:50  Starport  
  45  3:51  Barracks Reactor  
  45  3:54  Supply Depot  
  45  3:55  SCV  
  46  4:00  Marine x2  
  46  4:02  SCV  
  49  4:07  SCV, Factory Reactor  
  50  4:13  Supply Depot  
  50  4:14  SCV  
  51  4:19  Supply Depot, SCV  
  51  4:20  Marine  
  53  4:25  Marine x2  
  53  4:26  SCV  
  56  4:31  SCV  
  56  4:32  Marine  
  56  4:38  Marine  
  59  4:42  Supply Depot  
  59  4:45  Command Center  
  59  4:47  Medivac x2  
  59  4:49  SCV  
  59  4:51  SCV, Marine  
  59  4:52  Factory Reactor  
  66  4:56  Marine  
  66  4:57  Marine  
  66  4:58  Marine  
  69  5:01  SCV  
  69  5:03  SCV  
  69  5:04  Engineering Bay  
  71  5:08  Engineering Bay  
  71  5:13  SCV  
  71  5:14  Refinery  
  72  5:15  SCV, Refinery  
  72  5:16  Marine  
  74  5:21  Marine x2  
  74  5:24  Marine x2  
  74  5:25  SCV  
  74  5:27  SCV  
  80  5:29  Medivac  
  80  5:33  Marine  
  83  5:37  SCV  
  83  5:38  Terran Infantry Weapons Level 1  
  83  5:39  SCV, Terran Infantry Armor Level 1  
  83  5:40  Marine  
  86  5:48  Combat Shields  
  86  5:54  Supply Depot  
  86  5:56  Supply Depot  
  86  5:57  SCV x2, Marine x3  
  86  6:02  Barracks  
  91  6:08  Supply Depot, Barracks  
  91  6:09  SCV  
  92  6:13  Marine x2  
  92  6:14  Hellion x2  
  88  6:20  Marine x2  
  88  6:22  Medivac  
  88  6:24  SCV  
  88  6:25  SCV  
  94  6:29  Marine  
  94  6:30  Medivac  
  94  6:31  Marine  
  98  6:36  SCV  
  98  6:37  SCV, Marine x2  
  98  6:39  Hellion  
  104  6:45  Marine  
  105  6:48  SCV  
  104  6:56  Barracks Reactor x2  
  104  7:00  Orbital Command  
  104  7:01  SCV  
  104  7:02  SCV  
  104  7:04  Marine x2  
  104  7:07  Armory, Hellion  
  104  7:08  Hellion, Marine  
  112  7:14  Marine  
  114  7:16  Medivac  
  114  7:17  Medivac  
  114  7:19  Concussive Shells  
  114  7:20  Marine  
  114  7:21  SCV  
  114  7:22  SCV, Marine  
  122  7:31  Marine  
  122  7:33  Marine  
  122  7:34  Command Center  
  124  7:39  SCV  
  125  7:46  Supply Depot  
  125  7:50  Refinery  
  125  7:51  Supply Depot, Refinery  
  125  7:55  Supply Depot  
  125  7:56  Supply Depot  
  125  8:03  Marine x2  
  125  8:05  SCV, Marine x2  
  125  8:07  SCV x2, Medivac, Marine  
  125  8:09  Marine x2  
  125  8:11  Medivac, Widow Mine x2  
  125  8:12  Marine  
  133  8:13  Marauder  
  134  8:21  Marine x2  
  134  8:23  SCV  
  134  8:26  Marine x3  
  138  8:28  SCV  
  138  8:29  Marine  
  138  8:30  Marine  
  138  8:37  Medivac  
  138  8:38  Marine x2  
  138  8:39  Widow Mine x2  
  138  8:40  Marine x2  
  138  8:41  SCV, Medivac  
  146  8:47  Marine  
  128  8:51  Marine x2  
  130  8:56  Marauder  
  130  8:59  Marine x2  
  130  9:02  Marine  
  135  9:04  Marine  
  135  9:07  Medivac  
  135  9:08  Widow Mine  
  135  9:09  SCV  
  139  9:11  Medivac  
  139  9:12  Marine  
  142  9:17  Marauder, Marine  
  142  9:19  Marine x2  
  146  9:24  Starport  
  146  9:25  Starport, Barracks, Fusion Core  
  146  9:26  Barracks  
  146  9:28  Marine  
  146  9:29  Marine  
  146  9:30  Marine  
  146  9:31  Widow Mine  
  133  9:36  Marine  
  133  9:37  Medivac, Widow Mine  
  140  9:39  Marauder  
  139  9:48  Marine x4  
  137  9:53  SCV x2  
  137  9:56  Marine  
  144  10:08  Starport Tech Lab  
Tags
 
Add a new tag
Caveats
  • Supply blocks, unpowered buildings, or Contaminate may cause inaccurate times.
  • Supply counts are checked every 10 seconds.